 Dungeon Crawl Stone Soup version 0.19-a0-700-gd2fa977 (webtiles) character file.

786 Penterus the Chopper (level 7, -3/61 HPs)
             Began as a Minotaur Fighter on June 19, 2016.
             Was a Follower of Okawaru.
             Slain by a troll (16 damage)
             ... on level 6 of the Dungeon.
             The game lasted 00:12:57 (3793 turns).

Penterus the Chopper (Minotaur Fighter)             Turns: 3793, Time: 00:12:59

Health: -3/61      AC:  9    Str: 28    XL:     7   Next: 56%
Magic:  8/8        EV:  9    Int:  5    God:    Okawaru [*.....]
Gold:   227        SH: 10    Dex:  9    Spells: 0 memorised, 9 levels left

rFire  + . .     SeeInvis +     a - +0 war axe
rCold  . . .     Gourm    .     p - +0 scale mail {rF+}
rNeg   . . .     Faith    .     c - +0 shield
rPois  .         Spirit   .     (helmet restricted)
rElec  .         Dismiss  .     (no cloak)
rCorr  .         Reflect  .     o - +1 pair of gloves
SustAt +         Harm     .     (no boots)
MR     .....                    b - amulet of regeneration
Stlth  ..........               y - ring of see invisible
                                x - ring of sustain attributes

@: mighty, not resistant to hostile enchantments, extremely unstealthy
A: retaliatory headbutt, horns 2
a: Heroism, Renounce Religion


You were on level 6 of the Dungeon.
You worshipped Okawaru.
Okawaru was aware of your devotion.
You were not hungry.

You visited 2 branches of the dungeon, and saw 7 of its levels.

You collected 227 gold pieces.

Inventory:

Hand Weapons
 a - a +0 war axe (weapon)
Armour
 c - a +0 shield (worn)
 o - a +1 pair of gloves (worn)
 p - a +0 scale mail of fire resistance (worn)
Jewellery
 b - an amulet of regeneration (around neck)
 x - a ring of sustain attributes (left hand)
 y - a ring of see invisible (right hand)
 C - an uncursed ring of stealth
Wands
 g - a wand of polymorph (2/24)
Scrolls
 n - 2 scrolls of remove curse
 v - a scroll of teleportation
 z - a scroll of noise {unknown}
 D - a scroll of immolation
Potions
 d - 3 potions of might
 e - 2 potions of curing
 i - 2 potions of brilliance
 l - 2 potions of flight
 m - 2 potions of lignification
 q - a potion of mutation
 r - 2 potions of magic {unknown}
 s - a potion of ambrosia
 t - 2 potions of haste {unknown}
 A - a potion of agility {unknown}
 B - a potion of resistance {unknown}
Books
 h - a book of Callings

   Spells                             Type                      Level
   a - Summon Small Mammal            Summoning                    1
   b - Call Imp                       Summoning                    2
   c - Call Canine Familiar           Summoning                    3
   d - Summon Guardian Golem          Hexes/Summoning              3
   e - Summon Lightning Spire         Summoning/Air                4
   f - Summon Ice Beast               Ice/Summoning                4
 k - a book of Envenomations

   Spells                             Type                      Level
   a - Spider Form                    Transmutation/Poison         3
   b - Olgreb's Toxic Radiance        Poison                       4
   c - Alistair's Intoxication        Transmutation/Poison         5
   d - Poisonous Cloud                Conjuration/Poison/Air       6
 u - a book of Clouds

   Spells                             Type                      Level
   a - Mephitic Cloud                 Conjuration/Poison/Air       3
   b - Conjure Flame                  Conjuration/Fire             3
   c - Poisonous Cloud                Conjuration/Poison/Air       6
   d - Freezing Cloud                 Conjuration/Ice/Air          6
   e - Ring of Flames                 Charms/Fire                  7
Comestibles
 f - 6 bread rations
 j - a meat ration
 w - a royal jelly


   Skills:
 + Level 5.0 Fighting
 * Level 6.2 Axes
 + Level 5.3 Armour
 + Level 2.9 Dodging
 + Level 5.5 Shields
 + Level 1.6 Spellcasting


You had 9 spell levels left.
You didn't know any spells.

Dungeon Overview and Level Annotations

Branches:
Dungeon (6/15)             Temple (1/1) D:4

Altars:
Ashenzari
Cheibriados
Dithmenos
Elyvilon
Gozag
Hepliaklqana
Kikubaaqudgha
Makhleb
Nemelex Xobeh
Okawaru
Pakellas
Qazlal
Ru
Sif Muna
Trog
Uskayaw
Vehumet
Xom
Yredelemnul
Zin
The Shining One

Shops:
D:6 :


Innate Abilities, Weirdness & Mutations

You reflexively headbutt those who attack you in melee.
You have a pair of horns on your head.


Message History

The troll is almost dead.
You block the troll's attack. x2; The troll claws you.
Your shield and scale mail prevent you from hitting the troll.
Your headbutt misses the troll.
The troll is almost dead.
The troll bites you!
* * * LOW HITPOINT WARNING * * *
The troll claws you but does no damage. You block the troll's attack.
You closely miss the troll.
The troll is severely wounded.
The troll bites you but does no damage. You block the troll's attack.
The troll claws you.
* * * LOW HITPOINT WARNING * * *
You closely miss the troll. Your headbutt misses the troll.
The troll is severely wounded.
You block the troll's attack. The troll claws you but does no damage.
The troll claws you.
* * * LOW HITPOINT WARNING * * *
The troll bites you!
You die...

###.#####.# #.<#
........#.# ##..####.
.........#.####.........
..##.......<....##.###.#
....#.#.#.#.####.# .# ..
.....#.#.# #.# .#
....##.#.#.#.# #.# (#
.........#.#.####.##.#
...............T@....#
#......(....#..........
#$.###.#.######.######
.##..###.#.# #.#
.........#.# .#
###........# .#
##.......# .. #######.#
## #.#


You could see a troll.

Vanquished Creatures
  A centaur (D:5)
  A giant frog (D:6)
  A crimson imp (D:6)
  4 hounds
  2 orc priests
  A giant frog skeleton (D:4)
  A gnoll shaman (D:4)
  Natasha (thrice) (D:3)
  An iguana (D:4)
  An orc wizard (D:3)
  3 worker ants
  2 gnolls (D:4)
  3 adders
  A shadow imp (D:5)
  An ooze (D:4)
  2 adder skeletons
  2 worms
  2 dart slugs
  3 giant geckos (D:1)
  16 orcs
  2 ball pythons
  9 bats
  A giant cockroach (D:1)
  7 goblins
  5 hobgoblins
  20 jackals
  5 kobolds
  2 quokkas
  2 giant newts
  A jackal zombie (D:5)
  2 quokka skeletons
  7 rats
114 creatures vanquished.

Vanquished Creatures (others)
  An orc (D:5)
1 creature vanquished.

Grand Total: 115 creatures vanquished

Notes
Turn   | Place    | Note
--------------------------------------------------------------
     0 | D:1      | Penterus the Minotaur Fighter began the quest for the Orb.
     0 | D:1      | Reached XP level 1. HP: 19/19 MP: 0/0
   168 | D:1      | Reached skill level 3 in Axes
   188 | D:1      | Reached XP level 2. HP: 19/26 MP: 1/1
   602 | D:2      | Found a shadowy altar of Dithmenos.
   632 | D:2      | Reached XP level 3. HP: 33/33 MP: 2/2
  1112 | D:3      | Reached skill level 1 in Dodging
  1112 | D:3      | Reached XP level 4. HP: 39/40 MP: 2/4
  1153 | D:3      | Reached skill level 1 in Spellcasting
  1289 | D:3      | Found a sacrificial altar of Ru.
  1299 | D:3      | Reached skill level 4 in Axes
  1419 | D:3      | Reached XP level 5. HP: 23/46 MP: 5/5
  1672 | D:3      | Found a faded altar of an unknown god.
  1676 | D:3      | Noticed Natasha
  1682 | D:3      | Killed Natasha
  1758 | D:3      | Noticed Natasha
  1774 | D:3      | Killed Natasha
  1981 | D:3      | Noticed Natasha
  2030 | D:3      | Killed Natasha
  2168 | D:4      | Reached XP level 6. HP: 53/53 MP: 5/7
  2208 | D:4      | Found a white marble altar of Elyvilon.
  2500 | D:4      | Found an iron altar of Okawaru.
  2513 | D:4      | Became a worshipper of Warmaster Okawaru
  2572 | D:4      | Reached skill level 5 in Axes
  2572 | D:4      | Reached skill level 5 in Shields
  2690 | D:4      | Found a staircase to the Ecumenical Temple.
  2863 | Temple   | Entered the Ecumenical Temple
  3127 | D:5      | Entered Level 5 of the Dungeon
  3142 | D:5      | HP: 2/53 [centaur (8)]
  3147 | D:5      | Reached skill level 5 in Armour
  3147 | D:5      | Reached XP level 7. HP: 16/60 MP: 8/8
  3233 | D:5      | Found a bloodstained altar of Trog.
  3257 | D:5      | Reached * piety under Okawaru
  3541 | D:5      | Found a shimmering altar of Xom.
  3541 | D:5      | Found a stormy altar of Qazlal.
  3541 | D:5      | Found an ancient bone altar of Kikubaaqudgha.
  3544 | D:5      | Found a shattered altar of Ashenzari.
  3703 | D:6      | Found Puuvvat's Book Shoppe.
  3710 | D:6      | Reached skill level 6 in Axes
  3741 | D:6      | Reached skill level 5 in Fighting
  3770 | D:6      | Noticed a troll
  3793 | D:6      | Slain by a troll

Vault maps used:
D:1:      grunt_arrival_crossed_arrows
D:2:      nicolae_dithmenos_shadow_blocks, minmay_goblin_kobold_house
D:3:      old_standard_altar, ecumenical_altar_2, first_bread, uniq_natasha
D:4:      elyvilon_altar_5, okawaru_gym_becter,
          minmay_temple_entry_enclosed_plants
D:5:      lemuel_crystal_altar, minitemple
D:6:      serial_shops, nicolae_shop_stone, shop
Temple:   dpeg_five_rooms_temple_12

Skill      XL: |  1  2  3  4  5  6  7 |
---------------+----------------------+-----
Axes           | 3 4 5 6 |  6.2
Shields        | 4 5 |  5.5
Dodging        | 1 2 |  2.9
Armour         | 4 5 |  5.3
Fighting       | 4 5 |  5.0
Spellcasting   | 1 |  1.6

Action                   |  1- 3 |  4- 6 |  7- 9 || total
-------------------------+-------+-------+-------++-------
Melee: War axe           |    98 |   150 |    59 ||   307
       Headbutt          |    11 |    18 |     8 ||    37
       Unarmed           |       |    47 |       ||    47
  Use: Scroll            |     7 |     4 |       ||    11
       Potion            |       |     3 |     1 ||     4
  Eat: Chunk             |     1 |     6 |     3 ||    10
Armor: Scale mail        |    55 |    77 |    33 ||   165
Dodge: Dodged            |    30 |    71 |    25 ||   126
Block: Shield            |    48 |    97 |    43 ||   188
